 Dungeon Crawl Stone Soup version 0.20-a0-970-gcd8f41e (webtiles) character file.

2073 Murumi the Covert (level 9, -8/42 HPs)
             Began as a Spriggan Assassin on Apr 8, 2017.
             Was a Believer of Dithmenos.
             Mangled by a spriggan baker
             ... wielding a +0 long sword
              (15 damage)
             ... on level 7 of the Dungeon.
             The game lasted 00:37:01 (8178 turns).

Murumi the Covert (Spriggan Assassin)               Turns: 8178, Time: 00:37:02

Health: -8/42      AC:  5    Str:  7    XL:     9   Next: 6%
Magic:  14/14      EV: 22    Int: 13    God:    Dithmenos [**....]
Gold:   291        SH:  0    Dex: 20    Spells: 8/8 levels left

rFire    . . .     SeeInvis +   b - +0 blowgun
rCold    + . .     Gourm    .   (shield restricted)
rNeg     . . .     Faith    .   c - +0 robe
rPois    .         Spirit   .   (helmet restricted)
rElec    +         Reflect  .   d - +1 cloak
rCorr    .         Harm     .   (gloves unavailable)
MR       +....                  (boots unavailable)
Stlth    ++++++++..             h - amulet of magic regeneration
Regen    0.2/turn               y - ring of protection from cold
MPRegen  0.3/turn               C - ring of stealth

@: wreathed by umbra, very quick
A: unfitting armour, see invisible, herbivore 3, speed 3, shaggy fur 1,
electricity resistance, slow metabolism 2
a: Shadow Step, Renounce Religion


You were on level 7 of the Dungeon.
You worshipped Dithmenos.
Dithmenos was pleased with you.
You were not hungry.

You visited 1 branch of the dungeon, and saw 7 of its levels.

You collected 330 gold pieces.
You spent 39 gold pieces at shops.

Inventory:

Hand Weapons
 a - a +3 dagger
 b - a +0 blowgun (weapon)
Missiles
 f - 4 poisoned needles (quivered)
 j - 85 stones
 A - a curare-tipped needle
Armour
 c - a +0 robe (worn)
 d - a +1 cloak (worn)
Jewellery
 h - an amulet of magic regeneration (around neck)
 y - a ring of protection from cold (left hand)
 B - an uncursed ring of flight
 C - a ring of stealth (right hand)
Wands
 p - a wand of lightning (0/15)
 z - a wand of acid (5/15)
Scrolls
 e - 2 scrolls of identify
 l - a scroll of recharging
 o - 2 scrolls of enchant armour
 r - 2 scrolls of enchant weapon
 u - a scroll of fog
 D - a scroll of remove curse
Potions
 i - a potion of heal wounds
 m - 3 potions of curing
 q - 2 potions of magic
 s - a potion of flight
 t - a potion of cancellation
 v - a potion of berserk rage
 w - a potion of ambrosia
 x - a potion of brilliance
Comestibles
 g - 4 bread rations
 k - 8 fruits
 n - 3 royal jellies


   Skills:
 - Level 2.1 Fighting
 - Level 4.2 Short Blades
 - Level 3.0 Throwing
 + Level 6.0 Dodging
 - Level 12.2 Stealth
 - Level 5.2 Invocations
 - Level 6.0 Evocations


You had 8 spell levels left.
You didn't know any spells.

Dungeon Overview and Level Annotations

Branches:
Dungeon (7/15)             Temple (0/1) D:5

Altars:
Dithmenos
Makhleb
Nemelex Xobeh
Okawaru
Qazlal
Ru
Trog
Wu Jian

Shops:
D:4 *%   D:5 *}[![   D:6 }


Innate Abilities, Weirdness & Mutations

You are very small and have problems with some larger weapons.
You are too small for most types of armour.
You have supernaturally acute eyesight. (SInv)
You are a herbivore.
You cover ground extremely quickly.
You need consume almost no food.
You are covered in fur. (AC +1)
You are resistant to electric shocks. (rElec)


Message History

Aim: a spriggan baker, wielding a long sword and wearing a robe (lightly wounded, umbra)
You shoot a poisoned needle.
The poisoned needle hits the spriggan baker.
The spriggan baker is poisoned.
The spriggan baker is lightly wounded.
The spriggan baker misses you.
Firing (i - inventory. (,) - cycle):
f - 6 poisoned needles (quivered)
Press: ? - help, Shift-Dir - straight line, f/p - spriggan baker
Aim: a spriggan baker, wielding a long sword and wearing a robe (lightly wounded, poisoned, umbra)
You shoot a poisoned needle.
The poisoned needle barely misses the spriggan baker.
The spriggan baker drinks a potion.
The spriggan baker is healed!
The spriggan baker looks more healthy.
Firing (i - inventory. (,) - cycle):
f - 5 poisoned needles (quivered)
Press: ? - help, Shift-Dir - straight line, f/p - spriggan baker
Aim: a spriggan baker, wielding a long sword and wearing a robe (umbra)
You shoot a poisoned needle.
The poisoned needle closely misses the spriggan baker.
The spriggan baker hits you with a long sword!
You die...

######## ##....).##
##...@....##
#.....i....# ###
#..........# #..
#..........# #..
#..........# #..
#..........# #######..
##........## #........
##.....(...###.####...
#....................#


You could see a spriggan baker.

Vanquished Creatures
  2 hippogriffs
  Sigmund (D:5)
  An orc warrior (D:6)
  A phantom (D:4)
  2 ogres (D:6)
  2 centaurs
  A big kobold (D:5)
  2 bullfrogs
  2 scorpions
  A crimson imp (D:4)
  A bullfrog zombie (D:5)
  3 hounds
  2 orc priests (D:6)
  2 bullfrog skeletons
  6 orc wizards
  3 worker ants
  2 hound skeletons
  A worker ant zombie (D:6)
  7 adders
  A shadow imp (D:4)
  4 oozes
  A worm (D:2)
  2 dart slugs (D:1)
  3 leopard geckos (D:1)
  21 orcs
  2 ball pythons
  7 bats
  9 giant cockroaches
  3 goblins
  10 hobgoblins
  8 jackals
  9 kobolds
  3 quokkas
  2 frilled lizards (D:1)
  A giant cockroach zombie (D:5)
  A leopard gecko skeleton (D:4)
  A quokka skeleton (D:4)
  7 rats
137 creatures vanquished.

Vanquished Creatures (others)
  An orc (D:4)
1 creature vanquished.

Grand Total: 138 creatures vanquished

Notes
Turn   | Place    | Note
-------+----------+-------------------------------------------
     0 | D:1      | Murumi the Spriggan Assassin began the quest for the Orb.
     0 | D:1      | Reached XP level 1. HP: 10/10 MP: 2/2
    57 | D:1      | Reached skill level 6 in Stealth
   249 | D:1      | Reached XP level 2. HP: 14/14 MP: 3/3
   706 | D:1      | Reached XP level 3. HP: 18/18 MP: 4/4
   716 | D:1      | Reached skill level 7 in Stealth
  1445 | D:2      | Found a faded altar of an unknown god.
  1601 | D:2      | Reached XP level 4. HP: 22/22 MP: 5/5
  1666 | D:2      | Reached skill level 8 in Stealth
  1722 | D:2      | Found an iron altar of Okawaru.
  2056 | D:2      | Reached skill level 1 in Evocations
  2071 | D:3      | Gained mutation: You are covered in fur. (AC +1) [potion of mutation]
  2071 | D:3      | Gained mutation: You are resistant to electric shocks. (rElec) [potion of mutation]
  2140 | D:3      | Found a burning altar of Makhleb.
  2140 | D:3      | Noticed a cacodemon
  2196 | D:3      | Found a shadowy altar of Dithmenos.
  2237 | D:3      | Became a worshipper of Dithmenos the Shadowed
  2566 | D:4      | Reached skill level 1 in Invocations
  2566 | D:4      | Reached XP level 5. HP: 8/25 MP: 7/7
  2946 | D:4      | Found a stormy altar of Qazlal.
  2965 | D:4      | Found Nuomuirr's Food Boutique.
  3218 | D:4      | Noticed a phantom
  3273 | D:4      | Killed a phantom
  3458 | D:4      | Found Fuvutz's Serpentskin Sales.
  3469 | D:4      | Reached XP level 6. HP: 28/30 MP: 10/10
  4045 | D:5      | Entered Level 5 of the Dungeon
  4124 | D:5      | Found Zuzurphe's Distillery.
  4124 | D:5      | Found Icre's Gadget Emporium.
  4124 | D:5      | Noticed Sigmund
  4358 | D:5      | Reached skill level 9 in Stealth
  4423 | D:5      | Bought a potion of flight for 39 gold pieces
  4504 | D:5      | Reached * piety under Dithmenos
  4679 | D:5      | Found Haownadgh's Antique Armour Shoppe.
  4795 | D:5      | Noticed a moth of wrath
  4798 | D:5      | Found a bloodstained altar of Trog.
  4878 | D:5      | Killed Sigmund
  4878 | D:5      | Reached skill level 10 in Stealth
  4878 | D:5      | Reached XP level 7. HP: 22/33 MP: 11/11
  4884 | D:5      | Noticed a hippogriff
  4903 | D:5      | Reached skill level 11 in Stealth
  4903 | D:5      | Killed a hippogriff
  4903 | D:5      | Reached skill level 12 in Stealth
  4940 | D:5      | HP: 1/33 [orc wizard/magic dart (4)]
  5065 | D:5      | Found Wanoj's General Store.
  5092 | D:5      | Reached skill level 5 in Dodging
  5104 | D:5      | Reached XP level 8. HP: 37/37 MP: 12/12
  5169 | D:5      | Found Ostretep's Antique Armour Boutique.
  5172 | D:5      | Found an ornate altar of the Wu Jian Council.
  5292 | D:5      | Found a sacrificial altar of Ru.
  5325 | D:5      | Found a staircase to the Ecumenical Temple.
  5372 | D:6      | Found a sparkling altar of Nemelex Xobeh.
  5458 | D:6      | Found Kimekus's Gadget Emporium.
  5845 | D:6      | Reached ** piety under Dithmenos
  6461 | D:6      | HP: 1/39 [orc warrior/glaive (6)]
  7335 | D:6      | Found a sparkling altar of Nemelex Xobeh.
  7630 | D:7      | Noticed a hippogriff
  7714 | D:6      | Reached skill level 5 in Invocations
  8011 | D:7      | Killed a hippogriff
  8011 | D:7      | Reached skill level 5 in Evocations
  8011 | D:7      | Reached XP level 9. HP: 20/42 MP: 12/14
  8178 | D:7      | Mangled by a spriggan baker

Vault maps used:
D:1:      lightli_arrival_quake, minmay_hexomino_f4
D:2:      first_bread, chequers_ecumenical_altar_simple_redux,
          okawaru_ov_weapons_minmay
D:3:      grunt_dithmenos_smoke_and_mirrors, makhleb_altar_promises_db
D:4:      grunt_qazlal_clouds, serial_shops, shop_fountains,
          kennysheep_small_spiral, guppyfry_shop_venom
D:5:      tgw_trog, lemuel_crystal_altar, kennysheep_little_box,
          minmay_temple_entry_fiery, serial_shops, nicolae_shop_trees, shop,
          shop, shop, shop, minmay_misc_feat_diagonals, uniq_sigmund
D:6:      nemelex_xobeh_ov_fountains_minmay, serial_shops,
          nicolae_shop_waterfront, nemelex_dance_club_becter
D:7:      the_bakery

Skill      XL: |  1  2  3  4  5  6  7  8  9 |
---------------+----------------------------+-----
Stealth        | 6 7 8 10 12 | 12.2
Dodging        | 3 4 5 6 |  6.0
Evocations     | 2 4 5 6 |  6.0
Invocations    | 1 2 5 |  5.2
Short Blades   | 4 |  4.2
Fighting       | 2 |  2.1
Throwing       | 3 |  3.0

Action                   |  1- 3 |  4- 6 |  7- 9 || total
-------------------------+-------+-------+-------++-------
Melee: Dagger            |   132 |   334 |   347 ||   813
 Fire: Blowgun           |       |       |    24 ||    24
Throw: Stone             |     6 |    36 |    33 ||    75
       Throwing net      |       |       |     1 ||     1
Evoke: Wand              |       |     1 |     3 ||     4
  Use: Scroll            |     7 |    10 |     3 ||    20
       Potion            |       |     2 |     2 ||     4
 Stab: Sleeping          |     6 |     7 |     8 ||    21
       Distracted        |       |     1 |     2 ||     3
  Eat: Bread ration      |       |     1 |       ||     1
Armor: Robe              |     8 |    37 |    21 ||    66
Dodge: Dodged            |    91 |   194 |   317 ||   602
